Map: Pillars of Gold LE

Players

MaSa

  • Race: Terran Terran
  • League: Master
  • Spawn Location: 7:00

Nina - Winner!

  • Race: Protoss Protoss
  • League: Grandmaster
  • Spawn Location: 1:00

Event: DreamHack SC2 Masters 2020 Fall

VOD

Have the link to the VOD?

Description

Time

  • Played on: Sept. 1, 2020, 6:33 p.m.
  • Length: 7:24

All games in this series

Show
View Real Time Build Order
Export as new Build Order

MaSa Terran 

Build Orders: Liberator Opening 

Get SALT Encoding   

  12  0:00  SCV  
  13  0:12  SCV  
  14  0:17  Supply Depot  
  14  0:24  SCV  
  15  0:39  SCV  
  15  0:41  Barracks  
  16  0:45  Refinery  
  16  0:51  SCV  
  16  0:54  Refinery  
  17  1:03  SCV  
  18  1:07  Supply Depot  
  18  1:15  SCV  
  19  1:28  Reaper  
  19  1:30  Orbital Command  
  20  1:46  Factory  
  20  1:57  SCV  
  21  2:06  Barracks Reactor  
  21  2:08  Barracks  
  21  2:14  SCV  
  21  2:15  Barracks Reactor  
  22  2:29  Factory Tech Lab  
  22  2:32  SCV, Starport  
  23  2:38  Supply Depot  
  23  2:49  Siege Tank  
  23  2:51  Marine  
  26  2:54  Marine  
  26  2:58  Marine  
  29  3:09  Marine  
  29  3:12  Marine  
  31  3:16  Marine  
  33  3:21  Siege Tank  
  33  3:23  Medivac  
  37  3:30  Supply Depot  
  37  3:32  Marine  
  38  3:36  Marine  
  39  3:52  SCV, Marine  
  39  3:53  Liberator  
  44  3:57  Marine x2  
  46  4:05  Supply Depot  
  46  4:24  Marine  
  46  4:25  Marine  
  46  4:27  Siege Tank  
  47  4:34  Marine  
  41  4:42  Marine  
  41  4:45  Marine  
  41  4:56  Marine  
  41  4:59  Marine, Siege Tank  
  41  5:01  Medivac  
  41  5:04  Marine  
  41  5:05  SCV  
  45  5:13  Marine  
  45  5:23  Marine  
  45  5:31  Siege Tank  
  45  5:35  Marine x2  
  48  5:48  Marine  
  47  5:52  Marine  
  48  6:03  Marine, Siege Tank  
  51  6:06  Marine  
  45  6:22  Marine  
  47  6:28  Marine  
  47  6:33  Supply Depot  
  42  6:45  Marine x2  
  42  6:46  Siege Tank  
Show
View Real Time Build Order
Export as new Build Order

Nina Protoss - Winner!

Build Orders: 1 Gate Expand, Phoenix Opening, Chargelot Immortal 

Get SALT Encoding   

  12  0:00  Probe  
  13  0:12  Probe  
  14  0:18  Pylon  
  14  0:24  Probe  
  15  0:37  Gateway  
  15  0:39  Probe (Chrono Boost)  
  16  0:47  Assimilator  
  16  0:49  Probe (Chrono Boost)  
  17  0:54  Probe  
  18  1:06  Probe  
  19  1:19  Probe  
  20  1:26  Cybernetics Core  
  20  1:39  Nexus  
  20  1:44  Pylon  
  20  1:47  Probe  
  20  1:51  Assimilator  
  21  1:59  Probe  
  22  2:02  Stalker (Chrono Boost)  
  24  2:11  Probe  
  24  2:12  Warp Gate  
  25  2:23  Probe  
  25  2:26  Stalker  
  28  2:35  Probe  
  28  2:48  Probe  
  28  2:49  Robotics Facility  
  28  2:50  Probe  
  30  3:01  Probe (Chrono Boost)  
  30  3:02  Probe (Chrono Boost)  
  30  3:03  Sentry  
  34  3:08  Gateway  
  35  3:14  Gateway  
  35  3:17  Probe x2 (Chrono Boost)  
  36  3:24  Probe x2  
  36  3:25  Shield Battery  
  38  3:36  Probe  
  38  3:37  Immortal (Chrono Boost)  
  43  3:43  Probe, Phoenix  
  43  3:48  Pylon  
  44  3:49  Probe  
  44  3:55  Probe  
  46  4:06  Probe, Stalker x2, Pylon  
  51  4:10  Probe  
  52  4:19  Stalker  
  50  4:36  Probe  
  51  4:41  Stalker x2  
  51  4:42  Probe  
  51  4:43  Warp Prism  
  51  4:45  Pylon  
  56  4:48  Probe  
  57  4:57  Probe  
  56  5:02  Probe  
  57  5:08  Stalker x2  
  57  5:09  Probe, Assimilator  
  57  5:12  Twilight Council  
  62  5:16  Forge  
  60  5:21  Immortal (Chrono Boost)  
  65  5:30  Pylon  
  65  5:35  Stalker x3  
  68  5:50  Charge (Chrono Boost)  
  68  5:55  Immortal (Chrono Boost)  
  68  6:01  Pylon  
  68  6:03  Pylon  
  64  6:18  Zealot x2  
  64  6:19  Zealot  
  64  6:20  Probe x2  
  64  6:22  Gateway  
  64  6:23  Gateway  
  72  6:26  Gateway  
  72  6:28  Assimilator  
  72  6:31  Photon Cannon  
  68  6:45  Zealot x3  
  68  6:46  Immortal (Chrono Boost)  
  70  6:48  Probe  
  75  6:58  Dark Shrine  
  75  7:05  Stalker  
  75  7:06  Stalker x2  
  69  7:19  Zealot x2  

Tags
 
Add a new tag
Caveats
  • Supply blocks, unpowered buildings, or Contaminate may cause inaccurate times.
  • Supply counts are checked every 10 seconds.